 Dungeon Crawl Stone Soup version 0.18.1-48-g4cf74bf (webtiles) character file.

2753 Heedrag the Thaumaturge (level 9, 0/45 HPs)
             Began as a Deep Elf Conjurer on July 24, 2016.
             Was an Initiate of Vehumet.
             Killed from afar by an orc wizard (7 damage)
             ... with a magic dart
             ... on level 9 of the Dungeon.
             The game lasted 00:22:49 (8108 turns).

Heedrag the Thaumaturge (Deep Elf Conjurer)         Turns: 8108, Time: 00:22:50

Health: 0/45       AC:  3    Str:  8    XL:     9   Next: 41%
Magic:  10/27      EV: 16    Int: 21    God:    Vehumet [......]
Gold:   573        SH:  0    Dex: 17    Spells: 3 memorised, 25 levels left

rFire  . . .     SeeInvis +     B - +4 quarterstaff (chaos)
rCold  . . .     Gourm    .     a - +0 robe
rNeg   . . .     Faith    .     (shield currently unavailable)
rPois  .         Spirit   .     m - +0 helmet
rElec  .         Dismiss  .     y - +0 cloak
rCorr  .         Reflect  .     (no gloves)
SustAt .         Harm     .     (no boots)
MR     +....                    (no amulet)
Stlth  ++++......               (no ring)
                                d - ring of protection from magic

@: very slightly contaminated, somewhat resistant to hostile enchantments,
stealthy
A: thin skeletal structure 1, see invisible, deformed body
a: Renounce Religion


You were on level 9 of the Dungeon.
You worshipped Vehumet.
Vehumet was noncommittal.
You were not hungry.

You visited 2 branches of the dungeon, and saw 10 of its levels.

You collected 603 gold pieces.
You spent 30 gold pieces at shops.

Inventory:

Hand Weapons
 g - a +0 dagger
 u - a +1 dagger of holy wrath
 B - a +4 quarterstaff of chaos (weapon)
Armour
 a - a +0 robe (worn)
 m - a +0 helmet (worn)
 y - a +0 cloak (worn)
 D - a troll hide
Magical Staves
 G - an uncursed staff of death
Rods
 P - a -1 iron rod (10/10)
   (You found it on level 8 of the Dungeon)
Jewellery
 d - a ring of protection from magic (left hand)
Wands
 q - a wand of digging (3/24)
 x - a wand of iceblast (11/15)
 K - a wand of paralysis (3/24)
 L - a wand of iceblast (5/15)
 M - a wand of polymorph (15/24)
 R - a wand of random effects (11/48)
 S - a wand of random effects (18/48)
Scrolls
 h - 6 scrolls of identify {unknown}
 k - 3 scrolls of immolation {unknown}
 l - a scroll of enchant weapon {unknown}
 o - 2 scrolls of random uselessness {unknown}
 p - 2 scrolls of magic mapping {unknown}
 s - 4 scrolls of remove curse {unknown}
 t - 3 scrolls of fog {unknown}
 w - a scroll of teleportation {unknown}
 C - 3 scrolls of recharging {unknown}
 F - a scroll of fear {unknown}
 J - a scroll of brand weapon {unknown}
 N - a scroll of noise {unknown}
 O - a scroll of amnesia {unknown}
 T - a scroll of enchant armour {unknown}
Potions
 e - 2 potions of curing {unknown}
 f - 2 potions of cure mutation {unknown}
 i - a potion of beneficial mutation {unknown}
 j - 2 potions of resistance {unknown}
 n - a potion of agility {unknown}
 r - 3 potions of degeneration {unknown}
 v - 2 potions of cancellation {unknown}
 z - 3 potions of lignification {unknown}
 E - 2 potions of might {unknown}
 H - a potion of berserk rage {unknown}
 I - a potion of invisibility {unknown}
 Q - a potion of heal wounds {unknown}
Books
 b - a book of Conjurations

   Spells                             Type                      Level
   a - Magic Dart                     Conjuration                  1
   b - Searing Ray                    Conjuration                  2
   c - Dazzling Spray                 Conjuration/Hexes            3
   d - Fulminant Prism                Conjuration/Hexes            4
   e - Iskenderun's Mystic Blast      Conjuration                  4
   f - Iskenderun's Battlesphere      Conjuration/Charms           5
 V - a book of Minor Magic

   Spells                             Type                      Level
   a - Magic Dart                     Conjuration                  1
   b - Blink                          Translocation                2
   c - Call Imp                       Summoning                    2
   d - Repel Missiles                 Charms/Air                   2
   e - Slow                           Hexes                        2
   f - Conjure Flame                  Conjuration/Fire             3
   g - Mephitic Cloud                 Conjuration/Poison/Air       3
Comestibles
 c - 9 bread rations
 A - 2 meat rations
 U - 3 fruits


   Skills:
 + Level 5.9 Dodging
 + Level 6.3 Stealth
 * Level 12.5 Spellcasting
 + Level 7.7 Conjurations


You had 25 spell levels left.
You knew the following spells:

 Your Spells              Type           Power        Failure   Level  Hunger
a - Magic Dart            Conj           ####         1%          1    None
b - Dazzling Spray        Conj/Hex       ####..       2%          3    None
c - Iskenderun's Mystic   Conj           #####...     2%          4    None


Dungeon Overview and Level Annotations

Branches:
Dungeon (9/15)             Temple (1/1) D:4
   Lair: D:8-11         Orc: D:9-12

Altars:
Ashenzari
Cheibriados
Dithmenos
Elyvilon
Fedhas
Gozag
Kikubaaqudgha
Makhleb
Nemelex Xobeh
Okawaru
Pakellas
Qazlal
Ru
Sif Muna
Trog
Vehumet
Xom
Yredelemnul
Zin
The Shining One

Shops:
D:2 *   D:3 *   D:4 *


Innate Abilities, Weirdness & Mutations

You have a somewhat thin skeletal structure (Dex +2, Stealth).
You have supernaturally acute eyesight.
Armour fits poorly on your strangely shaped body.


Message History

Tha spray o' energy hits tha hippogriff.
Tha hippogriff be heavily wounded.
Tha hippogriff be dazzled.
Tha hippogriff bites ye.
Tha hippogriff barely misses ye. x2
Ye be too injured ta fight recklessly!
Ye strike tha helpless hippogriff from behind!
Ye hit tha hippogriff.
Ye freeze tha hippogriff.
Tha hippogriff be severely wounded.
Castin': Dazzlin' Spray Confirm wit' . or Enter, or press ? or * ta list all spells.
Aimin': Dazzlin' Spray
Press: ? - help, Shift-Dir - straight line, f/p - hippogriff
Aim: a hippogriff (severely wounded, blind) Tha spray o' energy misses tha orc wizard.
Tha orc wizard barely misses ye.
Tha orc warrior hits ye from afar wit' a glaive!
* * * LOW HITPOINT WARNIN'
* * * Tha orc wizard casts a spell at ye.
Tha magic dart hits ye!
Ye die...

....#.###.......$....#
....#..##...§.§......#
o...##.##..§.§.......#
.H.! #..'o....§......#
.... ####o.§$o.§).)..#
.... #.......)[...#
#### #..o[..oH....#
########o##### ##@#
#..# #.## #.# #.# #.#
#.# #.# #.#


You could see a hippogriff (blind), an orc warrior, an orc priest and an orc
wizard.

Vanquished Creatures
  Joseph (D:8)
  An orc warrior (D:9)
  2 ice beasts (D:8)
  2 black bears (D:8)
  2 phantoms (D:6)
  3 ogres
  2 centaurs
  3 giant frogs
  A water moccasin skeleton (D:8)
  5 wights (D:7)
  An electric eel (D:8)
  A howler monkey (D:5)
  A lava snake (D:8)
  2 crimson imps
  An orc priest (D:9)
  A jelly (D:6)
  4 hounds
  A quasit (D:6)
  2 giant frog skeletons
  2 centaur skeletons
  2 iguanas
  An orc wizard (D:9)
  Crazy Yiuf (D:3)
  Ijyb (D:3)
  2 worker ants (D:5)
  Terence (D:2)
  3 gnolls (D:4)
  5 adders
  A white imp (D:8)
  2 oozes
  An adder skeleton (D:6)
  5 worms
  A dart slug (D:3)
  9 giant geckos
  27 orcs
  2 giant cockroaches (D:7)
  6 goblins
  4 hobgoblins
  4 jackals (D:3)
  10 kobolds
  A quokka (D:2)
  3 ball pythons
  8 bats
  A giant gecko skeleton (D:5)
  6 giant newts
  A goblin skeleton (D:8)
  4 hobgoblin zombies (D:8)
  2 kobold skeletons (D:8)
  2 kobold zombies (D:8)
  3 orc skeletons (D:8)
  An orc zombie (D:8)
  A quokka skeleton (D:4)
  A quokka zombie (D:5)
  5 rats
165 creatures vanquished.

Notes
Turn   | Place    | Note
--------------------------------------------------------------
     0 | D:1      | Heedrag the Deep Elf Conjurer began the quest for the Orb.
     0 | D:1      | Reached XP level 1. HP: 10/10 MP: 6/6
   407 | D:1      | Reached skill level 4 in Spellcasting
   407 | D:1      | Reached XP level 2. HP: 15/15 MP: 5/9
  1039 | D:2      | Found a glowing silver altar of Zin.
  1039 | D:2      | Noticed Terence
  1434 | D:2      | Found Zin's Purification Station.
  1506 | D:3      | Reached XP level 3. HP: 19/19 MP: 4/11
  1507 | D:3      | Reached skill level 5 in Spellcasting
  1509 | D:3      | Noticed Ijyb
  1879 | D:3      | Learned a level 3 spell: Dazzling Spray
  2039 | D:3      | Reached XP level 4. HP: 7/24 MP: 4/13
  2208 | D:3      | Reached skill level 6 in Spellcasting
  2286 | D:3      | Killed Ijyb
  2373 | D:3      | Found Gozag's Platinum Reserve.
  2375 | D:3      | Found an opulent altar of Gozag.
  2515 | D:3      | Found a bloodstained altar of Trog.
  2515 | D:3      | Found a shadowy altar of Dithmenos.
  2809 | D:2      | Reached skill level 7 in Spellcasting
  2990 | D:3      | Reached XP level 5. HP: 23/28 MP: 5/16
  3290 | D:4      | Reached skill level 8 in Spellcasting
  3396 | D:4      | Found a staircase to the Ecumenical Temple.
  3399 | D:4      | Noticed a phantom
  3406 | Temple   | Entered the Ecumenical Temple
  3636 | D:5      | Entered Level 5 of the Dungeon
  3787 | D:4      | Reached XP level 6. HP: 23/32 MP: 11/19
  4073 | D:4      | Found a shattered altar of Ashenzari.
  4178 | D:4      | Found Bedirghong's General Store.
  4181 | D:4      | Bought a potion of mutation for 30 gold pieces
  4181 | D:4      | Gained mutation: You have a somewhat thin skeletal structure (Dex +2, Stealth). [potion of mutation]
  4181 | D:4      | Gained mutation: You have supernaturally acute eyesight. [potion of mutation]
  4181 | D:4      | Gained mutation: Armour fits poorly on your strangely shaped body. [potion of mutation]
  4297 | D:4      | Learned a level 4 spell: Iskenderun's Mystic Blast
  4385 | D:3      | Noticed Crazy Yiuf
  4391 | D:3      | Killed Crazy Yiuf
  4488 | D:2      | Reached skill level 5 in Conjurations
  4564 | D:2      | Killed Terence
  4564 | D:2      | Reached skill level 9 in Spellcasting
  4723 | D:5      | Reached XP level 7. HP: 36/36 MP: 13/22
  5129 | D:5      | Reached skill level 10 in Spellcasting
  5556 | D:6      | Reached XP level 8. HP: 40/41 MP: 10/24
  6128 | D:7      | Reached skill level 11 in Spellcasting
  6686 | D:8      | Reached skill level 5 in Stealth
  7099 | D:8      | Reached skill level 5 in Dodging
  7099 | D:8      | Reached skill level 12 in Spellcasting
  7099 | D:8      | Reached XP level 9. HP: 30/45 MP: 16/27
  7372 | D:8      | Found a glowing golden altar of the Shining One.
  7436 | D:8      | Found a stormy altar of Qazlal.
  7466 | D:8      | Noticed Joseph
  7477 | D:8      | Killed Joseph
  7606 | D:8      | Found a shimmering altar of Xom.
  7743 | D:8      | Found an ancient bone altar of Kikubaaqudgha.
  7939 | D:9      | Found a radiant altar of Vehumet.
  8053 | D:9      | Became a worshipper of Vehumet
  8108 | D:9      | Killed from afar by an orc wizard

Skill      XL: |  1  2  3  4  5  6  7  8  9 |
---------------+----------------------------+-----
Spellcasting   | 4 5 7 8 9 10 12 | 12.5
Conjurations   | 5 6 7 |  7.7
Dodging        | 3 5 |  5.9
Stealth        | 3 5 6 |  6.3

Action                   |  1- 3 |  4- 6 |  7- 9 || total
-------------------------+-------+-------+-------++-------
Melee: Dagger            |     7 |     1 |       ||     8
       Quarterstaff      |       |     3 |    19 ||    22
 Cast: Magic Dart        |    99 |   156 |   162 ||   417
       Dazzling Spray    |       |    13 |    35 ||    48
       Iskenderun's Myst |       |       |    34 ||    34
  Use: Potion            |       |     1 |       ||     1
 Stab: Sleeping          |     1 |       |     1 ||     2
       Invisible         |       |       |     1 ||     1
  Eat: Chunk             |     3 |     8 |    11 ||    22
Armor: Robe              |     5 |     5 |    16 ||    26
Dodge: Dodged            |    24 |    26 |    56 ||   106
